Cogmind - Beta 9.2 @@@ ROGUE MODE // 2019.12.12 @ 00:28:51 Player: tengan Result: Destroyed by G-34 Mercenary with Small Laser Performance ------------- Evolutions (1) 500 Regions Visited (2) 400 Robots Destroyed (16) 80 Value Destroyed (316) 316 Prototype IDs (1) 20 Alien Tech Used (0) 0 Bonus (0) 0 TOTAL SCORE: 1316 Bonus ------- None Cogmind --------- Core Integrity 0/400 Matter 62/300 Energy 100/100 System Corruption 0% Temperature Cool (18) Movement Core (550) Ox10 Location -9/Materials Parts ------- > --- POWER (1) -------- (None) > --- PROPULSION (3) --- (None) > --- UTILITY (3) ------ High-capacity Storage Unit Visual Processing Unit Targeting Computer > --- WEAPON (2) ------- (None) > --- INVENTORY (12) --- Ion Engine Ion Engine Light Treads Light Treads Aluminum Leg Small Storage Unit High-capacity Matter Pod (0) Peak State ------------ > --- POWER ------------ Reinforced Ion Engine > --- PROPULSION ------- Aluminum Leg Aluminum Leg > --- UTILITY ---------- High-capacity Storage Unit Visual Processing Unit Targeting Computer > --- WEAPON ----------- Assault Rifle Assault Rifle > --- INVENTORY -------- Ion Engine Ion Engine Light Treads Light Treads Aluminum Leg Small Storage Unit High-capacity Matter Pod Assault Rifle Grenade Launcher [Rating: 10] Favorites ----------- Power Ion Engine Engine Ion Engine Propulsion Aluminum Leg Leg Aluminum Leg Utility High-capacity Storage Unit Storage High-capacity Storage Unit Processor Visual Processing Unit Weapon Assault Rifle Energy Gun Improved Medium Laser Ballistic Gun Assault Rifle Launcher Grenade Launcher Build | -11 -10 -9 ------- Run | Scr Mat Mat Slots Evolved 2 | . . 2 Power . | . . . Propulsion 1 | . . 1 Utility 1 | . . 1 Weapon . | . . . Parts Attached 32 | 6 21 5 Power 5 | 1 3 1 Engine 5 | 1 3 1 Core . | . . . Reactor . | . . . Propulsion 8 | 2 6 . Treads . | . . . Leg 8 | 2 6 . Wheel . | . . . Hover . | . . . Flight . | . . . Utility 4 | 1 2 1 Device . | . . . Storage 2 | 1 1 . Processor 2 | . 1 1 Hackware . | . . . Protection . | . . . Artifact . | . . . Weapon 15 | 2 10 3 Energy Gun 1 | . . 1 Energy Cannon . | . . . Ballistic Gun 11 | 2 8 1 Ballistic Cannon . | . . . Launcher 3 | . 2 1 Special Weapon . | . . . Impact Weapon . | . . . Slashing Weapon . | . . . Piercing Weapon . | . . . Special Melee Weapon . | . . . Unidentified Prototypes 1 | . . 1 Parts Lost 8 | . . 8 Power 1 | . . 1 Propulsion 2 | . . 2 Utility . | . . . Weapon 5 | . . 5 Highest Loss Streak 8 | . . 8 Average Slot Usage (%) 82 | . 86 74 Engine 12 | . 13 10 Leg 24 | . 28 20 Storage 12 | . 14 11 Processor 6 | . 1 13 Ballistic Gun 24 | . 27 18 Naked Turns . | . . . Heaviest Build 46 | 11 45 46 Greatest Support 20 | 20 20 20 Greatest Overweight (x) 13 | . 3 13 Average Overweight (x) . | . . 2 Largest Inventory Capacity 14 | 6 14 12 Average Capacity 9 | 5 7 12 Most Carried 9 | 6 9 9 Average Carried 6 | 3 6 8 Final Capacity 12 | 6 12 12 Final Carried 8 | 6 8 7 Class Distribution -------------------- 100% | Mutant Dominant Class ---------------- Mutant | -10/Materials Mutant | -9/Materials Resources | -11 -10 -9 ----------- Run | Scr Mat Mat Matter Collected 512 | 238 165 109 Remotely . | . . . Salvage Created 366 | . 207 159 Parts 42 | . 29 13 Haulers Intercepted 1 | . . 1 Recyclers Shooed 1 | . 1 . Parts Field Recycled . | . . . Retrieved Matter . | . . . Parts Self-Destructed . | . . . Prevented . | . . . Kills | -11 -10 -9 ------- Run | Scr Mat Mat Combat Hostiles Destroyed 12 | . 9 3 Guns 9 | . 6 3 AOE 3 | . 3 . Classes Destroyed 6 | . 4 2 Tunneler 1 | . 1 . Hauler 1 | . . 1 Watcher 2 | . 2 . Swarmer 7 | . 7 . Grunt 4 | . 2 2 Brawler 1 | . . 1 Best Kill Streak 5 | . 5 2 Combat Bots Only 3 | . 3 2 Max Kills in Single Turn 2 | . 2 1 Gunslinging . | . . . Exploded 2 | . 2 . Melee . | . . . Uniques/NPCs Destroyed . | . . . Combat | -11 -10 -9 -------- Run | Scr Mat Mat Damage Taken 1627 | . 493 1134 Core 462 | . 51 411 Absorbed by Shields . | . . . Core Remaining (%) 89 | 100 79 . Volleys Fired 46 | . 30 16 Largest 2 | . 2 2 Hottest 40 | . 40 40 Shots Fired 82 | . 57 25 Gun 78 | . 54 24 Cannon . | . . . Launcher 4 | . 3 1 Special . | . . . Kinetic 78 | . 54 24 Thermal . | . . . Explosive 4 | . 3 1 Electromagnetic . | . . . Robot Hit Streak 7 | . 6 7 Robot Miss Streak 8 | . 8 2 Penetration Max . | . . . Secondary Targets . | . . . Shots Hit Robots 45 | . 29 16 Core Hits 23 | . 16 7 Critical Hits 1 | . 1 . Critical Kills 1 | . 1 . Critical Parts Destroyed . | . . . Melee Attacks . | . . . Impact . | . . . Slashing . | . . . Piercing . | . . . Sneak Attacks . | . . . Combat Hostiles . | . . . Follow-up Attacks . | . . . Damage Inflicted 767 | . 567 200 Guns 560 | . 377 183 Cannons . | . . . Explosions 206 | . 190 16 Melee . | . . . Ramming 1 | . . 1 Kinetic 560 | . 377 183 Thermal . | . . . Explosive 206 | . 190 16 Electromagnetic . | . . . Impact . | . . . Slashing . | . . . Piercing . | . . . Highest Corruption . | . . . Average Corruption . | . . . Corruption Purged . | . . . Overload Shots . | . . . Overflow Damage . | . . . Projectiles . | . . . Explosions . | . . . Melee . | . . . Knockbacks . | . . . Impact . | . . . Kinetic . | . . . Secondary . | . . . Self-Inflicted Damage . | . . . Shots . | . . . Rammed 1 | . . 1 Targets Rammed 1 | . . 1 Kicked . | . . . Crushed . | . . . Highest Temperature 13 | . 12 13 Average Temperature 5 | . 5 6 Received Heat Transfer 609 | . 123 486 Siege Activations . | . . . Robots Corrupted . | . . . Combat Hostiles . | . . . Parts Fried . | . . . Impact Corruptions . | . . . Robots Melted . | . . . Combat Hostiles . | . . . Parts Melted . | . . . Heat Transferred . | . . . Parts Sabotaged . | . . . Parts Stolen . | . . . Parts Stripped . | . . . Power Chain Reactions . | . . . Missiles Intercepted . | . . . Alert | -11 -10 -9 ------- Run | Scr Mat Mat Peak Influence 169 | . 169 155 Average Influence 78 | . 73 101 Maximum Alert Level . | . . . Low Security (%) 100 | 100 100 100 Level 1 . | . . . Level 2 . | . . . Level 3 . | . . . Level 4 . | . . . Level 5 . | . . . High Security . | . . . Max Security . | . . . Squads Dispatched 1 | . . 1 Investigation . | . . . Extermination . | . . . Reinforcement 1 | . . 1 Assault . | . . . Garrison . | . . . Intercept . | . . . Construction Impeded . | . . . Haulers Reinforced . | . . . Stealth | -11 -10 -9 --------- Run | Scr Mat Mat Distress Signals 2 | . 1 1 Communications Jammed . | . . . Distress Signals . | . . . Times Spotted 32 | . 21 11 Peak Tracking Total 7 | . 7 6 Tactical Retreats 2 | . 2 . Traps | -11 -10 -9 ------- Run | Scr Mat Mat Traps Triggered 2 | . 2 . Indirectly . | . . . Trap Hack Attempts . | . . . Triggered . | . . . Disarmed . | . . . Reprogrammed . | . . . Reused . | . . . Traps Extracted . | . . . Installed . | . . . Triggered . | . . . Machines | -11 -10 -9 ---------- Run | Scr Mat Mat Machines Disabled 2 | . 1 1 Max in Single Turn 1 | . 1 1 Machines Sabotaged . | . . . Garrisons Compromised . | . . . Overloaded Fab Kills . | . . . Fab Network Shutdowns . | . . . Hacking | -11 -10 -9 --------- Run | Scr Mat Mat Machines Accessed 6 | . 4 2 Terminals 4 | . 3 1 Fabricators . | . . . Repair Stations . | . . . Recycling Units 1 | . 1 . Scanalyzers 1 | . . 1 Garrison Access . | . . . Total Hacks 13 | . 8 5 Successful 7 | . 4 3 Failed 6 | . 4 2 Catastrophic . | . . . Database Lockouts . | . . . Manual . | . . . Terminals 8 | . 6 2 Fabricators . | . . . Repair Stations . | . . . Recycling Units 2 | . 2 . Scanalyzers 3 | . . 3 Garrison Access . | . . . Terminal Hacks 4 | . 3 1 Record 1 | . 1 . Robot Analysis 1 | . . 1 Alert Level 1 | . 1 . Assault Status 1 | . 1 . Fabricator Hacks . | . . . Repair Station Hacks . | . . . Recycling Unit Hacks 1 | . 1 . Process 1 | . 1 . Scanalyzer 2 | . . 2 Insert Component 1 | . . 1 Analyze 1 | . . 1 Garrison Access Hacks . | . . . Unauthorized Hacks . | . . . Terminals . | . . . Fabricators . | . . . Repair Stations . | . . . Recycling Units . | . . . Scanalyzers . | . . . Garrison Access . | . . . Data Cores Recovered . | . . . Used . | . . . Hacking Detections 2 | . 1 1 Full Trace Events . | . . . Feedback Events . | . . . Feedback Blocked . | . . . Robot Schematics Acquired . | . . . Robots Built . | . . . Matter . | . . . Time . | . . . Total Robot Build Rating . | . . . Part Schematics Acquired 1 | . . 1 Parts Built . | . . . Matter . | . . . Time . | . . . Total Part Build Rating . | . . . Parts Repaired . | . . . Time . | . . . Parts Recycled . | . . . Recycled Matter 130 | . 130 . Retrieved Matter . | . . . Retrieved Components . | . . . Parts Scanalyzed 1 | . . 1 Part Schematics Acquired 1 | . . 1 Parts Damaged . | . . . Bothacking | -11 -10 -9 ------------ Run | Scr Mat Mat Used RIF Installer . | . . . Robots Hacked . | . . . Non-combat . | . . . Combat . | . . . Robot Hacks Applied . | . . . Relay Couplers Released . | . . . Robots Rewired . | . . . Allies Hacked . | . . . Hacks Repelled . | . . . Allies | -11 -10 -9 -------- Run | Scr Mat Mat Total Allies . | . . . Largest Group . | . . . Highest-Rated Group . | . . . Highest-Rated Ally . | . . . Total Orders . | . . . Ally Attacks . | . . . Total Damage . | . . . Kills . | . . . Allies Corrupted . | . . . Allies Melted . | . . . Intel | -11 -10 -9 ------- Run | Scr Mat Mat Robot Analysis Total 1 | . . 1 Derelict Logs Recovered . | . . . Drone Launches . | . . . Drone Recoveries . | . . . Exploration | -11 -10 -9 ------------- Run | Scr Mat Mat Turns Passed 1264 | 82 718 464 Spaces Moved 691 | 59 422 210 Core 10 | 4 . 6 Treads . | . . . Legs 681 | 55 422 204 Wheels . | . . . Hover . | . . . Flight . | . . . Fastest Speed 50 | 50 120 180 Average Speed 150 | 115 134 193 Slowest Speed 700 | 120 210 700 Overloaded Moves . | . . . Propulsion Burnouts . | . . . Robots Hopped . | . . . Cave-ins Triggered . | . . . Exploration Rate (%) 32 | 4 75 19 Regions Visited 2 Branch Regions . Pre-discovered Areas . | . . . Known Exits Taken . | . . . Unknown Exits Taken 2 | 1 1 . Scrap Searched . | . . . Spaces Dug . | . . . Terrain Destroyed 21 | . 11 10 Melee . | . . . Projectile . | . . . AOE 21 | . 11 10 Actions | -11 -10 -9 --------- Run | Scr Mat Mat Total 825 | 70 514 241 Wait 30 | . 21 9 Move 689 | 58 421 210 Hop . | . . . Pick Up 14 | 6 8 . Fast Attach 16 | 6 8 2 Attach 3 | . 1 2 Detach 1 | . 1 . Swap 13 | . 12 1 Drop 12 | . 12 . Fire 46 | . 30 16 Melee . | . . . Ram . | . . . Kick 1 | . . 1 Crush . | . . . Escape Stasis . | . . . Rewire . | . . . Trap . | . . . Miscellaneous . | . . . Route ------- -11/Scrapyard -10/Materials (discovered 4 exits: *Mat x2 / [*Min x2]) -9/Materials (discovered 1 exit: [*Mat]) History --------- Turn | Location | Event 3 | -11/Scrapyard | Discovered new exit (range 16) 83 | -11/Scrapyard | Entered Materials 201 | -10/Materials | Discovered new exit (range 12) 239 | -10/Materials | Discovered new exit (range 16) 306 | -10/Materials | Build established: Mutant 331 | -10/Materials | Discovered new exit (range 7) 754 | -10/Materials | Discovered new exit (range 8) 801 | -10/Materials | Entered another Materials area 801 | -9/Materials | Evolved 2 slots: Propulsion x1, Utility x1 1170 | -9/Materials | Discovered new exit (range 8) 1234 | -9/Materials | Core integrity fell below 50% 1262 | -9/Materials | Core integrity fell below 20% 1265 | -9/Materials | Destroyed by G-34 Mercenary with Small Laser Last Messages --------------- 01231_ U-05 Engineer builds a Wall. 01232_ U-05 Engineer lays Concrete. 01232_ K-01 Serf collects debris. 01233_ U-05 Engineer lays Concrete. 01236_ K-01 Serf collects debris. 01237_ U-05 Engineer builds a Wall. 01237_ U-05 Engineer lays Concrete. 01239_ U-05 Engineer builds a Wall. 01239_ U-05 Engineer lays Concrete. 01243_ ALERT: Hostiles spotted, dispatching reinforcements to Terminal M008. 01243_ Electrolysis Chamber disabled. 01244_ K-01 Serf collects debris. 01248_ Rnf. Ion Engine destroyed. 01248_ Acquired Prototype Energy Gun. 01248_ Identified Imp. Medium Laser. 01250_ Acquired 36 matter. 01251_ K-01 Serf collects debris. 01254_ Imp. Medium Laser destroyed. 01261_ K-01 Serf collects debris. Map ----- +----------------------------------------------------+ | | | | | ?????????????????????????????????????????????????? | | ???????????????????????????????????????########??? | | ?????????????????????????##########????#!!!!==#??? | | ?????????????????????????# #????#!!!!==#??? | | ?????????????????????????# """ #????# #??? | | ?????????????????????????# """ ######## #### | | ?????????????????????????# """ # """ # | | ?????????????????????????# # """ # | | ??????????????????#####??# """ # """ # ####### | | ??????????????????# #??# """ # # #?????? | | ???????########???# < #??# """ # # #?????? | | ?????? / ??# #??# ! # # #?????? | | ????????# ?# ##########+######+## ####### | | ????????# # | | ??????????? + ^ | | ?????????????? # | | ??????????????????###+###+## #+#############+### | | ???????????????????# # #?????????# | | ???????????????????# # #?????????# [ | | ???????????????????#! """ # #?????????# | | ???????????????????# ""g# #?????????# """ """ | | ???????????????????# [""" # #?????????# """ """ | | ???????????????????# kYg[! # #?????????# """ """ | | ???????????????????# gg[*@ # #?????????# | | ???????????????????# "" # #?????????# | | ???????????????????# "" # #?????????######### | | ??????????????????## ! # #?????????????????? | | ??????????????????## + #?????????????????? | | ??????????????????########## +?????????????????? | | ?????????????????? ? ?# #?????????????????? | | ?????????????????? ? ?# #?????????????????? | | ????????????????? ? # #?????????????????? | | ????????????????? ? # #?????????????????? | | ????????????????? ? # ??????????????????? | | ???????????????? ? # ??????????????????? | | ????????????????###+#???#+## ??????????????????? | | ?????????????????????????????????????????????????? | | ?????????????????????????????????????????????????? | | ?????????????????????????????????????????????????? | | ?????????????????????????????????????????????????? | | ?????????????????????????????????????????????????? | | ?????????????????????????????????????????????????? | | ?????????????????????????????????????????????????? | | ?????????????????????????????????????????????????? | | ?????????????????????????????????????????????????? | | ?????????????????????????????????????????????????? | | ?????????????????????????????????????????????????? | | ?????????????????????????????????????????????????? | +----------------------------------------------------+ Best States ------------- Heat Dissipation 28 Energy Generation 12 Energy Capacity 265 Matter Stores 289 Matter Capacity 300 Sight Range 18 Terrain Scan Density 10 Evasion (%) 40 Targeting Accuracy 5 Item Schematics ----------------- Assault Rifle | -9/Materials | Scanalyzed Robot Schematics ------------------ None Fabricated ------------ Nothing Alien Tech Used ----------------- None Achievements -------------- None Challenges ------------ None Game ------ Seed HeartPrecisionClaw Manual? 0 Play Time 00:17:16 Cumulative 11.3 hours Start 2019.12.12 @ 00:15:07 End 2019.12.12 @ 00:28:51 Sessions 1 Manual Loads 0 Difficulty Rogue Special Mode None Game No. 25 Rogue 25 Adventurer 0 Explorer 0 Win Type - Total 0 Types 0/0/0/0/0/0/0 Lore% 6 Gallery% 15 Achievement% 12 Wizard Run 0 Options --------- ASCII 0 Keyboard 0 Movement Numpad Keybinds 0 Fullscreen 2 Font 18/SmallcapsGlow Map View 76x50 Tactical HUD 1 Map Filters NONE Filters NONE Steam 1 RUN: 81fab5cb-e1c4-46d2-99f0-e837dfe09414